%YAML 1.1
%TAG !u! tag:unity3d.com,2011:
--- !u!1 &1227100190554393620
GameObject:
  m_ObjectHideFlags: 0
  m_CorrespondingSourceObject: {fileID: 0}
  m_PrefabInstance: {fileID: 0}
  m_PrefabAsset: {fileID: 0}
  serializedVersion: 6
  m_Component:
  - component: {fileID: 8001621758883823195}
  m_Layer: 0
  m_Name: Vaisselier_1
  m_TagString: Untagged
  m_Icon: {fileID: 0}
  m_NavMeshLayer: 0
  m_StaticEditorFlags: 0
  m_IsActive: 1
--- !u!4 &8001621758883823195
Transform:
  m_ObjectHideFlags: 0
  m_CorrespondingSourceObject: {fileID: 0}
  m_PrefabInstance: {fileID: 0}
  m_PrefabAsset: {fileID: 0}
  m_GameObject: {fileID: 1227100190554393620}
  m_LocalRotation: {x: -0, y: -0, z: -0, w: 1}
  m_LocalPosition: {x: 4.11864, y: -5.0322714, z: 3.8694305}
  m_LocalScale: {x: 0.877193, y: 0.877193, z: 0.877193}
  m_Children:
  - {fileID: 4354749447808645043}
  - {fileID: 3738379004415039468}
  - {fileID: 7034840376269119281}
  - {fileID: 9048898489240864615}
  - {fileID: 4354749446229147750}
  - {fileID: 4354749447893186693}
  - {fileID: 8259358443233701024}
  m_Father: {fileID: 0}
  m_RootOrder: 0
  m_LocalEulerAnglesHint: {x: 0, y: 0, z: 0}
--- !u!65 &9108318814311196297
BoxCollider:
  m_ObjectHideFlags: 0
  m_CorrespondingSourceObject: {fileID: 0}
  m_PrefabInstance: {fileID: 0}
  m_PrefabAsset: {fileID: 0}
  m_GameObject: {fileID: 7577307283730939032}
  m_Material: {fileID: 0}
  m_IsTrigger: 0
  m_Enabled: 1
  serializedVersion: 2
  m_Size: {x: 1.2437804, y: 2.3178632, z: 0.7007644}
  m_Center: {x: -0.0000000011547964, y: 0.0000002091391, z: -0.06666113}
--- !u!1001 &2950719794943113022
PrefabInstance:
  m_ObjectHideFlags: 0
  serializedVersion: 2
  m_Modification:
    m_TransformParent: {fileID: 8001621758883823195}
    m_Modifications:
    - target: {fileID: 88025633628653356, guid: b4c4c9ae6ef90a14c95e672a381f6459,
        type: 3}
      propertyPath: m_LocalPosition.z
      value: 4.1670074
      objectReference: {fileID: 0}
    - target: {fileID: 88025633628653356, guid: b4c4c9ae6ef90a14c95e672a381f6459,
        type: 3}
      propertyPath: m_LocalPosition.x
      value: 2.7320733
      objectReference: {fileID: 0}
    - target: {fileID: 88025633628653356, guid: b4c4c9ae6ef90a14c95e672a381f6459,
        type: 3}
      propertyPath: m_LocalRotation.y
      value: 0.6222536
      objectReference: {fileID: 0}
    - target: {fileID: 88025633628653356, guid: b4c4c9ae6ef90a14c95e672a381f6459,
        type: 3}
      propertyPath: m_LocalRotation.w
      value: 0.7828158
      objectReference: {fileID: 0}
    - target: {fileID: 88025633628653356, guid: b4c4c9ae6ef90a14c95e672a381f6459,
        type: 3}
      propertyPath: m_LocalEulerAnglesHint.y
      value: 76.962006
      objectReference: {fileID: 0}
    - target: {fileID: 3014761217804020266, guid: b4c4c9ae6ef90a14c95e672a381f6459,
        type: 3}
      propertyPath: m_Name
      value: Interieur Vaisselier 2
      objectReference: {fileID: 0}
    - target: {fileID: 6515638542203181982, guid: b4c4c9ae6ef90a14c95e672a381f6459,
        type: 3}
      propertyPath: m_LocalPosition.x
      value: -2.7675095
      objectReference: {fileID: 0}
    - target: {fileID: 6515638542203181982, guid: b4c4c9ae6ef90a14c95e672a381f6459,
        type: 3}
      propertyPath: m_LocalPosition.y
      value: 5.736789
      objectReference: {fileID: 0}
    - target: {fileID: 6515638542203181982, guid: b4c4c9ae6ef90a14c95e672a381f6459,
        type: 3}
      propertyPath: m_LocalPosition.z
      value: -2.4685907
      objectReference: {fileID: 0}
    - target: {fileID: 6515638542203181982, guid: b4c4c9ae6ef90a14c95e672a381f6459,
        type: 3}
      propertyPath: m_LocalRotation.x
      value: -0
      objectReference: {fileID: 0}
    - target: {fileID: 6515638542203181982, guid: b4c4c9ae6ef90a14c95e672a381f6459,
        type: 3}
      propertyPath: m_LocalRotation.y
      value: 0.24389175
      objectReference: {fileID: 0}
    - target: {fileID: 6515638542203181982, guid: b4c4c9ae6ef90a14c95e672a381f6459,
        type: 3}
      propertyPath: m_LocalRotation.z
      value: -0
      objectReference: {fileID: 0}
    - target: {fileID: 6515638542203181982, guid: b4c4c9ae6ef90a14c95e672a381f6459,
        type: 3}
      propertyPath: m_LocalRotation.w
      value: 0.9698025
      objectReference: {fileID: 0}
    - target: {fileID: 6515638542203181982, guid: b4c4c9ae6ef90a14c95e672a381f6459,
        type: 3}
      propertyPath: m_RootOrder
      value: 6
      objectReference: {fileID: 0}
    - target: {fileID: 6515638542203181982, guid: b4c4c9ae6ef90a14c95e672a381f6459,
        type: 3}
      propertyPath: m_LocalEulerAnglesHint.x
      value: 0
      objectReference: {fileID: 0}
    - target: {fileID: 6515638542203181982, guid: b4c4c9ae6ef90a14c95e672a381f6459,
        type: 3}
      propertyPath: m_LocalEulerAnglesHint.y
      value: 28.233002
      objectReference: {fileID: 0}
    - target: {fileID: 6515638542203181982, guid: b4c4c9ae6ef90a14c95e672a381f6459,
        type: 3}
      propertyPath: m_LocalEulerAnglesHint.z
      value: 0
      objectReference: {fileID: 0}
    - target: {fileID: 6515638542203181982, guid: b4c4c9ae6ef90a14c95e672a381f6459,
        type: 3}
      propertyPath: m_LocalScale.x
      value: 1.14
      objectReference: {fileID: 0}
    - target: {fileID: 6515638542203181982, guid: b4c4c9ae6ef90a14c95e672a381f6459,
        type: 3}
      propertyPath: m_LocalScale.y
      value: 1.14
      objectReference: {fileID: 0}
    - target: {fileID: 6515638542203181982, guid: b4c4c9ae6ef90a14c95e672a381f6459,
        type: 3}
      propertyPath: m_LocalScale.z
      value: 1.14
      objectReference: {fileID: 0}
    m_RemovedComponents: []
  m_SourcePrefab: {fileID: 100100000, guid: b4c4c9ae6ef90a14c95e672a381f6459, type: 3}
--- !u!4 &8259358443233701024 stripped
Transform:
  m_CorrespondingSourceObject: {fileID: 6515638542203181982, guid: b4c4c9ae6ef90a14c95e672a381f6459,
    type: 3}
  m_PrefabInstance: {fileID: 2950719794943113022}
  m_PrefabAsset: {fileID: 0}
--- !u!1001 &3777353061791608839
PrefabInstance:
  m_ObjectHideFlags: 0
  serializedVersion: 2
  m_Modification:
    m_TransformParent: {fileID: 8001621758883823195}
    m_Modifications:
    - target: {fileID: -8679921383154817045, guid: 20891fb372543174885a75d4d3ec2942,
        type: 3}
      propertyPath: m_LocalPosition.x
      value: 2.4597323
      objectReference: {fileID: 0}
    - target: {fileID: -8679921383154817045, guid: 20891fb372543174885a75d4d3ec2942,
        type: 3}
      propertyPath: m_LocalPosition.y
      value: 2.0124094
      objectReference: {fileID: 0}
    - target: {fileID: -8679921383154817045, guid: 20891fb372543174885a75d4d3ec2942,
        type: 3}
      propertyPath: m_LocalPosition.z
      value: 0.24141678
      objectReference: {fileID: 0}
    - target: {fileID: -8679921383154817045, guid: 20891fb372543174885a75d4d3ec2942,
        type: 3}
      propertyPath: m_LocalRotation.x
      value: -0
      objectReference: {fileID: 0}
    - target: {fileID: -8679921383154817045, guid: 20891fb372543174885a75d4d3ec2942,
        type: 3}
      propertyPath: m_LocalRotation.y
      value: -0
      objectReference: {fileID: 0}
    - target: {fileID: -8679921383154817045, guid: 20891fb372543174885a75d4d3ec2942,
        type: 3}
      propertyPath: m_LocalRotation.z
      value: -0
      objectReference: {fileID: 0}
    - target: {fileID: -8679921383154817045, guid: 20891fb372543174885a75d4d3ec2942,
        type: 3}
      propertyPath: m_LocalRotation.w
      value: 1
      objectReference: {fileID: 0}
    - target: {fileID: -8679921383154817045, guid: 20891fb372543174885a75d4d3ec2942,
        type: 3}
      propertyPath: m_RootOrder
      value: 1
      objectReference: {fileID: 0}
    - target: {fileID: -8679921383154817045, guid: 20891fb372543174885a75d4d3ec2942,
        type: 3}
      propertyPath: m_LocalEulerAnglesHint.x
      value: 0
      objectReference: {fileID: 0}
    - target: {fileID: -8679921383154817045, guid: 20891fb372543174885a75d4d3ec2942,
        type: 3}
      propertyPath: m_LocalEulerAnglesHint.y
      value: 0
      objectReference: {fileID: 0}
    - target: {fileID: -8679921383154817045, guid: 20891fb372543174885a75d4d3ec2942,
        type: 3}
      propertyPath: m_LocalEulerAnglesHint.z
      value: 0
      objectReference: {fileID: 0}
    - target: {fileID: -8679921383154817045, guid: 20891fb372543174885a75d4d3ec2942,
        type: 3}
      propertyPath: m_LocalScale.x
      value: 0.011399999
      objectReference: {fileID: 0}
    - target: {fileID: -8679921383154817045, guid: 20891fb372543174885a75d4d3ec2942,
        type: 3}
      propertyPath: m_LocalScale.y
      value: 0.011399999
      objectReference: {fileID: 0}
    - target: {fileID: -8679921383154817045, guid: 20891fb372543174885a75d4d3ec2942,
        type: 3}
      propertyPath: m_LocalScale.z
      value: 0.011399999
      objectReference: {fileID: 0}
    - target: {fileID: -7511558181221131132, guid: 20891fb372543174885a75d4d3ec2942,
        type: 3}
      propertyPath: m_Materials.Array.data[0]
      value: 
      objectReference: {fileID: 2100000, guid: c5b226228badc344a9ae05e4db8d9132, type: 2}
    - target: {fileID: 919132149155446097, guid: 20891fb372543174885a75d4d3ec2942,
        type: 3}
      propertyPath: m_Name
      value: Vase_5 (1)
      objectReference: {fileID: 0}
    - target: {fileID: 919132149155446097, guid: 20891fb372543174885a75d4d3ec2942,
        type: 3}
      propertyPath: m_StaticEditorFlags
      value: 4294967295
      objectReference: {fileID: 0}
    m_RemovedComponents: []
  m_SourcePrefab: {fileID: 100100000, guid: 20891fb372543174885a75d4d3ec2942, type: 3}
--- !u!4 &3738379004415039468 stripped
Transform:
  m_CorrespondingSourceObject: {fileID: -8679921383154817045, guid: 20891fb372543174885a75d4d3ec2942,
    type: 3}
  m_PrefabInstance: {fileID: 3777353061791608839}
  m_PrefabAsset: {fileID: 0}
--- !u!1001 &4316019583283437422
PrefabInstance:
  m_ObjectHideFlags: 0
  serializedVersion: 2
  m_Modification:
    m_TransformParent: {fileID: 8001621758883823195}
    m_Modifications:
    - target: {fileID: -9059940456105958611, guid: 8327c20ffe0b8bc44989a6b924f545f1,
        type: 3}
      propertyPath: m_LocalRotation.x
      value: -0
      objectReference: {fileID: 0}
    - target: {fileID: -9059940456105958611, guid: 8327c20ffe0b8bc44989a6b924f545f1,
        type: 3}
      propertyPath: m_LocalRotation.y
      value: -0.35249054
      objectReference: {fileID: 0}
    - target: {fileID: -9059940456105958611, guid: 8327c20ffe0b8bc44989a6b924f545f1,
        type: 3}
      propertyPath: m_LocalRotation.w
      value: 0.9358154
      objectReference: {fileID: 0}
    - target: {fileID: -9059940456105958611, guid: 8327c20ffe0b8bc44989a6b924f545f1,
        type: 3}
      propertyPath: m_LocalEulerAnglesHint.y
      value: -41.279003
      objectReference: {fileID: 0}
    - target: {fileID: -9059940456105958611, guid: 8327c20ffe0b8bc44989a6b924f545f1,
        type: 3}
      propertyPath: m_LocalRotation.z
      value: -0
      objectReference: {fileID: 0}
    - target: {fileID: -8679921383154817045, guid: 8327c20ffe0b8bc44989a6b924f545f1,
        type: 3}
      propertyPath: m_LocalPosition.x
      value: 2.0611718
      objectReference: {fileID: 0}
    - target: {fileID: -8679921383154817045, guid: 8327c20ffe0b8bc44989a6b924f545f1,
        type: 3}
      propertyPath: m_LocalPosition.y
      value: -0.5430529
      objectReference: {fileID: 0}
    - target: {fileID: -8679921383154817045, guid: 8327c20ffe0b8bc44989a6b924f545f1,
        type: 3}
      propertyPath: m_LocalPosition.z
      value: 0.18128708
      objectReference: {fileID: 0}
    - target: {fileID: -8679921383154817045, guid: 8327c20ffe0b8bc44989a6b924f545f1,
        type: 3}
      propertyPath: m_LocalRotation.x
      value: -0
      objectReference: {fileID: 0}
    - target: {fileID: -8679921383154817045, guid: 8327c20ffe0b8bc44989a6b924f545f1,
        type: 3}
      propertyPath: m_LocalRotation.y
      value: 0.99250674
      objectReference: {fileID: 0}
    - target: {fileID: -8679921383154817045, guid: 8327c20ffe0b8bc44989a6b924f545f1,
        type: 3}
      propertyPath: m_LocalRotation.z
      value: -0
      objectReference: {fileID: 0}
    - target: {fileID: -8679921383154817045, guid: 8327c20ffe0b8bc44989a6b924f545f1,
        type: 3}
      propertyPath: m_LocalRotation.w
      value: -0.12219039
      objectReference: {fileID: 0}
    - target: {fileID: -8679921383154817045, guid: 8327c20ffe0b8bc44989a6b924f545f1,
        type: 3}
      propertyPath: m_RootOrder
      value: 5
      objectReference: {fileID: 0}
    - target: {fileID: -8679921383154817045, guid: 8327c20ffe0b8bc44989a6b924f545f1,
        type: 3}
      propertyPath: m_LocalEulerAnglesHint.x
      value: 0
      objectReference: {fileID: 0}
    - target: {fileID: -8679921383154817045, guid: 8327c20ffe0b8bc44989a6b924f545f1,
        type: 3}
      propertyPath: m_LocalEulerAnglesHint.y
      value: 194.03699
      objectReference: {fileID: 0}
    - target: {fileID: -8679921383154817045, guid: 8327c20ffe0b8bc44989a6b924f545f1,
        type: 3}
      propertyPath: m_LocalEulerAnglesHint.z
      value: 0
      objectReference: {fileID: 0}
    - target: {fileID: -8679921383154817045, guid: 8327c20ffe0b8bc44989a6b924f545f1,
        type: 3}
      propertyPath: m_LocalScale.x
      value: 1.14
      objectReference: {fileID: 0}
    - target: {fileID: -8679921383154817045, guid: 8327c20ffe0b8bc44989a6b924f545f1,
        type: 3}
      propertyPath: m_LocalScale.y
      value: 1.14
      objectReference: {fileID: 0}
    - target: {fileID: -8679921383154817045, guid: 8327c20ffe0b8bc44989a6b924f545f1,
        type: 3}
      propertyPath: m_LocalScale.z
      value: 1.14
      objectReference: {fileID: 0}
    - target: {fileID: -7643091161196485317, guid: 8327c20ffe0b8bc44989a6b924f545f1,
        type: 3}
      propertyPath: m_Materials.Array.data[0]
      value: 
      objectReference: {fileID: 2100000, guid: 9184ab72ed68eda4e84244b6065d550a, type: 2}
    - target: {fileID: -7511558181221131132, guid: 8327c20ffe0b8bc44989a6b924f545f1,
        type: 3}
      propertyPath: m_Materials.Array.data[0]
      value: 
      objectReference: {fileID: 2100000, guid: 9184ab72ed68eda4e84244b6065d550a, type: 2}
    - target: {fileID: -6867773021184163549, guid: 8327c20ffe0b8bc44989a6b924f545f1,
        type: 3}
      propertyPath: m_Materials.Array.data[0]
      value: 
      objectReference: {fileID: 2100000, guid: 9184ab72ed68eda4e84244b6065d550a, type: 2}
    - target: {fileID: -6867773021184163549, guid: 8327c20ffe0b8bc44989a6b924f545f1,
        type: 3}
      propertyPath: m_Materials.Array.data[1]
      value: 
      objectReference: {fileID: 2100000, guid: 18cb949743475194e84ef7541c7f2efd, type: 2}
    - target: {fileID: -2386481682912176467, guid: 8327c20ffe0b8bc44989a6b924f545f1,
        type: 3}
      propertyPath: m_LocalPosition.y
      value: 1.15
      objectReference: {fileID: 0}
    - target: {fileID: -1583650558277954305, guid: 8327c20ffe0b8bc44989a6b924f545f1,
        type: 3}
      propertyPath: m_LocalRotation.x
      value: 0
      objectReference: {fileID: 0}
    - target: {fileID: -1583650558277954305, guid: 8327c20ffe0b8bc44989a6b924f545f1,
        type: 3}
      propertyPath: m_LocalRotation.y
      value: 0
      objectReference: {fileID: 0}
    - target: {fileID: -1583650558277954305, guid: 8327c20ffe0b8bc44989a6b924f545f1,
        type: 3}
      propertyPath: m_LocalRotation.w
      value: 1
      objectReference: {fileID: 0}
    - target: {fileID: -1583650558277954305, guid: 8327c20ffe0b8bc44989a6b924f545f1,
        type: 3}
      propertyPath: m_LocalEulerAnglesHint.y
      value: 0
      objectReference: {fileID: 0}
    - target: {fileID: -1583650558277954305, guid: 8327c20ffe0b8bc44989a6b924f545f1,
        type: 3}
      propertyPath: m_LocalRotation.z
      value: 0
      objectReference: {fileID: 0}
    - target: {fileID: 919132149155446097, guid: 8327c20ffe0b8bc44989a6b924f545f1,
        type: 3}
      propertyPath: m_Name
      value: Vaisselier (1)
      objectReference: {fileID: 0}
    - target: {fileID: 919132149155446097, guid: 8327c20ffe0b8bc44989a6b924f545f1,
        type: 3}
      propertyPath: m_StaticEditorFlags
      value: 4294967295
      objectReference: {fileID: 0}
    - target: {fileID: 2297326971064125352, guid: 8327c20ffe0b8bc44989a6b924f545f1,
        type: 3}
      propertyPath: m_Materials.Array.data[0]
      value: 
      objectReference: {fileID: 2100000, guid: 9184ab72ed68eda4e84244b6065d550a, type: 2}
    - target: {fileID: 2297326971064125352, guid: 8327c20ffe0b8bc44989a6b924f545f1,
        type: 3}
      propertyPath: m_Materials.Array.data[1]
      value: 
      objectReference: {fileID: 2100000, guid: 18cb949743475194e84ef7541c7f2efd, type: 2}
    - target: {fileID: 5966587970419827702, guid: 8327c20ffe0b8bc44989a6b924f545f1,
        type: 3}
      propertyPath: m_StaticEditorFlags
      value: 4294967295
      objectReference: {fileID: 0}
    m_RemovedComponents: []
  m_SourcePrefab: {fileID: 100100000, guid: 8327c20ffe0b8bc44989a6b924f545f1, type: 3}
--- !u!4 &4354749447893186693 stripped
Transform:
  m_CorrespondingSourceObject: {fileID: -8679921383154817045, guid: 8327c20ffe0b8bc44989a6b924f545f1,
    type: 3}
  m_PrefabInstance: {fileID: 4316019583283437422}
  m_PrefabAsset: {fileID: 0}
--- !u!1 &7577307283730939032 stripped
GameObject:
  m_CorrespondingSourceObject: {fileID: 5966587970419827702, guid: 8327c20ffe0b8bc44989a6b924f545f1,
    type: 3}
  m_PrefabInstance: {fileID: 4316019583283437422}
  m_PrefabAsset: {fileID: 0}
--- !u!1001 &4316019583343071320
PrefabInstance:
  m_ObjectHideFlags: 0
  serializedVersion: 2
  m_Modification:
    m_TransformParent: {fileID: 8001621758883823195}
    m_Modifications:
    - target: {fileID: -8679921383154817045, guid: b780b761290d8684b9063239e50b3379,
        type: 3}
      propertyPath: m_LocalPosition.x
      value: 2.3461304
      objectReference: {fileID: 0}
    - target: {fileID: -8679921383154817045, guid: b780b761290d8684b9063239e50b3379,
        type: 3}
      propertyPath: m_LocalPosition.y
      value: -0.5430529
      objectReference: {fileID: 0}
    - target: {fileID: -8679921383154817045, guid: b780b761290d8684b9063239e50b3379,
        type: 3}
      propertyPath: m_LocalPosition.z
      value: 0.09766923
      objectReference: {fileID: 0}
    - target: {fileID: -8679921383154817045, guid: b780b761290d8684b9063239e50b3379,
        type: 3}
      propertyPath: m_LocalRotation.x
      value: -0
      objectReference: {fileID: 0}
    - target: {fileID: -8679921383154817045, guid: b780b761290d8684b9063239e50b3379,
        type: 3}
      propertyPath: m_LocalRotation.y
      value: 0.18828279
      objectReference: {fileID: 0}
    - target: {fileID: -8679921383154817045, guid: b780b761290d8684b9063239e50b3379,
        type: 3}
      propertyPath: m_LocalRotation.z
      value: -0
      objectReference: {fileID: 0}
    - target: {fileID: -8679921383154817045, guid: b780b761290d8684b9063239e50b3379,
        type: 3}
      propertyPath: m_LocalRotation.w
      value: 0.98211485
      objectReference: {fileID: 0}
    - target: {fileID: -8679921383154817045, guid: b780b761290d8684b9063239e50b3379,
        type: 3}
      propertyPath: m_RootOrder
      value: 0
      objectReference: {fileID: 0}
    - target: {fileID: -8679921383154817045, guid: b780b761290d8684b9063239e50b3379,
        type: 3}
      propertyPath: m_LocalEulerAnglesHint.x
      value: 0
      objectReference: {fileID: 0}
    - target: {fileID: -8679921383154817045, guid: b780b761290d8684b9063239e50b3379,
        type: 3}
      propertyPath: m_LocalEulerAnglesHint.y
      value: 0
      objectReference: {fileID: 0}
    - target: {fileID: -8679921383154817045, guid: b780b761290d8684b9063239e50b3379,
        type: 3}
      propertyPath: m_LocalEulerAnglesHint.z
      value: 0
      objectReference: {fileID: 0}
    - target: {fileID: -8679921383154817045, guid: b780b761290d8684b9063239e50b3379,
        type: 3}
      propertyPath: m_LocalScale.x
      value: 0.011399999
      objectReference: {fileID: 0}
    - target: {fileID: -8679921383154817045, guid: b780b761290d8684b9063239e50b3379,
        type: 3}
      propertyPath: m_LocalScale.y
      value: 0.011399999
      objectReference: {fileID: 0}
    - target: {fileID: -8679921383154817045, guid: b780b761290d8684b9063239e50b3379,
        type: 3}
      propertyPath: m_LocalScale.z
      value: 0.011399999
      objectReference: {fileID: 0}
    - target: {fileID: -7511558181221131132, guid: b780b761290d8684b9063239e50b3379,
        type: 3}
      propertyPath: m_Materials.Array.data[0]
      value: 
      objectReference: {fileID: 2100000, guid: f60e13402e705ab4a8923c996b1c56c3, type: 2}
    - target: {fileID: 919132149155446097, guid: b780b761290d8684b9063239e50b3379,
        type: 3}
      propertyPath: m_Name
      value: Vase_6
      objectReference: {fileID: 0}
    - target: {fileID: 919132149155446097, guid: b780b761290d8684b9063239e50b3379,
        type: 3}
      propertyPath: m_StaticEditorFlags
      value: 4294967295
      objectReference: {fileID: 0}
    m_RemovedComponents: []
  m_SourcePrefab: {fileID: 100100000, guid: b780b761290d8684b9063239e50b3379, type: 3}
--- !u!4 &4354749447808645043 stripped
Transform:
  m_CorrespondingSourceObject: {fileID: -8679921383154817045, guid: b780b761290d8684b9063239e50b3379,
    type: 3}
  m_PrefabInstance: {fileID: 4316019583343071320}
  m_PrefabAsset: {fileID: 0}
--- !u!1001 &4316019584922298253
PrefabInstance:
  m_ObjectHideFlags: 0
  serializedVersion: 2
  m_Modification:
    m_TransformParent: {fileID: 8001621758883823195}
    m_Modifications:
    - target: {fileID: -8679921383154817045, guid: 30e25f5753680f841be309087d1cec7e,
        type: 3}
      propertyPath: m_LocalPosition.x
      value: 1.6613907
      objectReference: {fileID: 0}
    - target: {fileID: -8679921383154817045, guid: 30e25f5753680f841be309087d1cec7e,
        type: 3}
      propertyPath: m_LocalPosition.y
      value: 2.000287
      objectReference: {fileID: 0}
    - target: {fileID: -8679921383154817045, guid: 30e25f5753680f841be309087d1cec7e,
        type: 3}
      propertyPath: m_LocalPosition.z
      value: 0.4634892
      objectReference: {fileID: 0}
    - target: {fileID: -8679921383154817045, guid: 30e25f5753680f841be309087d1cec7e,
        type: 3}
      propertyPath: m_LocalRotation.x
      value: -0
      objectReference: {fileID: 0}
    - target: {fileID: -8679921383154817045, guid: 30e25f5753680f841be309087d1cec7e,
        type: 3}
      propertyPath: m_LocalRotation.y
      value: 0.8159267
      objectReference: {fileID: 0}
    - target: {fileID: -8679921383154817045, guid: 30e25f5753680f841be309087d1cec7e,
        type: 3}
      propertyPath: m_LocalRotation.z
      value: -0
      objectReference: {fileID: 0}
    - target: {fileID: -8679921383154817045, guid: 30e25f5753680f841be309087d1cec7e,
        type: 3}
      propertyPath: m_LocalRotation.w
      value: -0.57815546
      objectReference: {fileID: 0}
    - target: {fileID: -8679921383154817045, guid: 30e25f5753680f841be309087d1cec7e,
        type: 3}
      propertyPath: m_RootOrder
      value: 4
      objectReference: {fileID: 0}
    - target: {fileID: -8679921383154817045, guid: 30e25f5753680f841be309087d1cec7e,
        type: 3}
      propertyPath: m_LocalEulerAnglesHint.x
      value: 0
      objectReference: {fileID: 0}
    - target: {fileID: -8679921383154817045, guid: 30e25f5753680f841be309087d1cec7e,
        type: 3}
      propertyPath: m_LocalEulerAnglesHint.y
      value: 250.642
      objectReference: {fileID: 0}
    - target: {fileID: -8679921383154817045, guid: 30e25f5753680f841be309087d1cec7e,
        type: 3}
      propertyPath: m_LocalEulerAnglesHint.z
      value: 0
      objectReference: {fileID: 0}
    - target: {fileID: -8679921383154817045, guid: 30e25f5753680f841be309087d1cec7e,
        type: 3}
      propertyPath: m_LocalScale.x
      value: 1.1399997
      objectReference: {fileID: 0}
    - target: {fileID: -8679921383154817045, guid: 30e25f5753680f841be309087d1cec7e,
        type: 3}
      propertyPath: m_LocalScale.y
      value: 1.14
      objectReference: {fileID: 0}
    - target: {fileID: -8679921383154817045, guid: 30e25f5753680f841be309087d1cec7e,
        type: 3}
      propertyPath: m_LocalScale.z
      value: 1.1399997
      objectReference: {fileID: 0}
    - target: {fileID: -7511558181221131132, guid: 30e25f5753680f841be309087d1cec7e,
        type: 3}
      propertyPath: m_Materials.Array.data[0]
      value: 
      objectReference: {fileID: 2100000, guid: 83db7e94864715347a51a337387a2030, type: 2}
    - target: {fileID: 919132149155446097, guid: 30e25f5753680f841be309087d1cec7e,
        type: 3}
      propertyPath: m_Name
      value: Plante_02
      objectReference: {fileID: 0}
    - target: {fileID: 919132149155446097, guid: 30e25f5753680f841be309087d1cec7e,
        type: 3}
      propertyPath: m_StaticEditorFlags
      value: 4294967295
      objectReference: {fileID: 0}
    m_RemovedComponents: []
  m_SourcePrefab: {fileID: 100100000, guid: 30e25f5753680f841be309087d1cec7e, type: 3}
--- !u!4 &4354749446229147750 stripped
Transform:
  m_CorrespondingSourceObject: {fileID: -8679921383154817045, guid: 30e25f5753680f841be309087d1cec7e,
    type: 3}
  m_PrefabInstance: {fileID: 4316019584922298253}
  m_PrefabAsset: {fileID: 0}
--- !u!1001 &7361836667178973402
PrefabInstance:
  m_ObjectHideFlags: 0
  serializedVersion: 2
  m_Modification:
    m_TransformParent: {fileID: 8001621758883823195}
    m_Modifications:
    - target: {fileID: -8679921383154817045, guid: 5d5681d5232e377418e919d4387f501f,
        type: 3}
      propertyPath: m_LocalPosition.x
      value: 2.2361782
      objectReference: {fileID: 0}
    - target: {fileID: -8679921383154817045, guid: 5d5681d5232e377418e919d4387f501f,
        type: 3}
      propertyPath: m_LocalPosition.y
      value: 2.0032895
      objectReference: {fileID: 0}
    - target: {fileID: -8679921383154817045, guid: 5d5681d5232e377418e919d4387f501f,
        type: 3}
      propertyPath: m_LocalPosition.z
      value: 0.29009566
      objectReference: {fileID: 0}
    - target: {fileID: -8679921383154817045, guid: 5d5681d5232e377418e919d4387f501f,
        type: 3}
      propertyPath: m_LocalRotation.x
      value: -0
      objectReference: {fileID: 0}
    - target: {fileID: -8679921383154817045, guid: 5d5681d5232e377418e919d4387f501f,
        type: 3}
      propertyPath: m_LocalRotation.y
      value: -0
      objectReference: {fileID: 0}
    - target: {fileID: -8679921383154817045, guid: 5d5681d5232e377418e919d4387f501f,
        type: 3}
      propertyPath: m_LocalRotation.z
      value: -0
      objectReference: {fileID: 0}
    - target: {fileID: -8679921383154817045, guid: 5d5681d5232e377418e919d4387f501f,
        type: 3}
      propertyPath: m_LocalRotation.w
      value: 1
      objectReference: {fileID: 0}
    - target: {fileID: -8679921383154817045, guid: 5d5681d5232e377418e919d4387f501f,
        type: 3}
      propertyPath: m_RootOrder
      value: 2
      objectReference: {fileID: 0}
    - target: {fileID: -8679921383154817045, guid: 5d5681d5232e377418e919d4387f501f,
        type: 3}
      propertyPath: m_LocalEulerAnglesHint.x
      value: 0
      objectReference: {fileID: 0}
    - target: {fileID: -8679921383154817045, guid: 5d5681d5232e377418e919d4387f501f,
        type: 3}
      propertyPath: m_LocalEulerAnglesHint.y
      value: 0
      objectReference: {fileID: 0}
    - target: {fileID: -8679921383154817045, guid: 5d5681d5232e377418e919d4387f501f,
        type: 3}
      propertyPath: m_LocalEulerAnglesHint.z
      value: 0
      objectReference: {fileID: 0}
    - target: {fileID: -8679921383154817045, guid: 5d5681d5232e377418e919d4387f501f,
        type: 3}
      propertyPath: m_LocalScale.x
      value: 0.0051698997
      objectReference: {fileID: 0}
    - target: {fileID: -8679921383154817045, guid: 5d5681d5232e377418e919d4387f501f,
        type: 3}
      propertyPath: m_LocalScale.y
      value: 0.0051698997
      objectReference: {fileID: 0}
    - target: {fileID: -8679921383154817045, guid: 5d5681d5232e377418e919d4387f501f,
        type: 3}
      propertyPath: m_LocalScale.z
      value: 0.0051698997
      objectReference: {fileID: 0}
    - target: {fileID: -7511558181221131132, guid: 5d5681d5232e377418e919d4387f501f,
        type: 3}
      propertyPath: m_Materials.Array.data[0]
      value: 
      objectReference: {fileID: 2100000, guid: e5603f9c902723b498b2e97b11058ddf, type: 2}
    - target: {fileID: 919132149155446097, guid: 5d5681d5232e377418e919d4387f501f,
        type: 3}
      propertyPath: m_Name
      value: Vase_3
      objectReference: {fileID: 0}
    - target: {fileID: 919132149155446097, guid: 5d5681d5232e377418e919d4387f501f,
        type: 3}
      propertyPath: m_StaticEditorFlags
      value: 4294967295
      objectReference: {fileID: 0}
    m_RemovedComponents: []
  m_SourcePrefab: {fileID: 100100000, guid: 5d5681d5232e377418e919d4387f501f, type: 3}
--- !u!4 &7034840376269119281 stripped
Transform:
  m_CorrespondingSourceObject: {fileID: -8679921383154817045, guid: 5d5681d5232e377418e919d4387f501f,
    type: 3}
  m_PrefabInstance: {fileID: 7361836667178973402}
  m_PrefabAsset: {fileID: 0}
--- !u!1001 &8799642550240026764
PrefabInstance:
  m_ObjectHideFlags: 0
  serializedVersion: 2
  m_Modification:
    m_TransformParent: {fileID: 8001621758883823195}
    m_Modifications:
    - target: {fileID: -8679921383154817045, guid: 9d8eb713737c103418fbe551762b954c,
        type: 3}
      propertyPath: m_LocalPosition.x
      value: 2.1094103
      objectReference: {fileID: 0}
    - target: {fileID: -8679921383154817045, guid: 9d8eb713737c103418fbe551762b954c,
        type: 3}
      propertyPath: m_LocalPosition.y
      value: 2.0688393
      objectReference: {fileID: 0}
    - target: {fileID: -8679921383154817045, guid: 9d8eb713737c103418fbe551762b954c,
        type: 3}
      propertyPath: m_LocalPosition.z
      value: 0.388477
      objectReference: {fileID: 0}
    - target: {fileID: -8679921383154817045, guid: 9d8eb713737c103418fbe551762b954c,
        type: 3}
      propertyPath: m_LocalRotation.x
      value: -0.18945183
      objectReference: {fileID: 0}
    - target: {fileID: -8679921383154817045, guid: 9d8eb713737c103418fbe551762b954c,
        type: 3}
      propertyPath: m_LocalRotation.y
      value: -0.22097081
      objectReference: {fileID: 0}
    - target: {fileID: -8679921383154817045, guid: 9d8eb713737c103418fbe551762b954c,
        type: 3}
      propertyPath: m_LocalRotation.z
      value: 0.5240171
      objectReference: {fileID: 0}
    - target: {fileID: -8679921383154817045, guid: 9d8eb713737c103418fbe551762b954c,
        type: 3}
      propertyPath: m_LocalRotation.w
      value: 0.8004287
      objectReference: {fileID: 0}
    - target: {fileID: -8679921383154817045, guid: 9d8eb713737c103418fbe551762b954c,
        type: 3}
      propertyPath: m_RootOrder
      value: 3
      objectReference: {fileID: 0}
    - target: {fileID: -8679921383154817045, guid: 9d8eb713737c103418fbe551762b954c,
        type: 3}
      propertyPath: m_LocalEulerAnglesHint.x
      value: -4.112
      objectReference: {fileID: 0}
    - target: {fileID: -8679921383154817045, guid: 9d8eb713737c103418fbe551762b954c,
        type: 3}
      propertyPath: m_LocalEulerAnglesHint.y
      value: -33.623
      objectReference: {fileID: 0}
    - target: {fileID: -8679921383154817045, guid: 9d8eb713737c103418fbe551762b954c,
        type: 3}
      propertyPath: m_LocalEulerAnglesHint.z
      value: 67.666
      objectReference: {fileID: 0}
    - target: {fileID: -8679921383154817045, guid: 9d8eb713737c103418fbe551762b954c,
        type: 3}
      propertyPath: m_LocalScale.x
      value: 0.0029400599
      objectReference: {fileID: 0}
    - target: {fileID: -8679921383154817045, guid: 9d8eb713737c103418fbe551762b954c,
        type: 3}
      propertyPath: m_LocalScale.y
      value: 0.0029400596
      objectReference: {fileID: 0}
    - target: {fileID: -8679921383154817045, guid: 9d8eb713737c103418fbe551762b954c,
        type: 3}
      propertyPath: m_LocalScale.z
      value: 0.0029400596
      objectReference: {fileID: 0}
    - target: {fileID: -7511558181221131132, guid: 9d8eb713737c103418fbe551762b954c,
        type: 3}
      propertyPath: m_Materials.Array.data[0]
      value: 
      objectReference: {fileID: 2100000, guid: 78f2c23f072a8404a8b269a9a10dba87, type: 2}
    - target: {fileID: 919132149155446097, guid: 9d8eb713737c103418fbe551762b954c,
        type: 3}
      propertyPath: m_Name
      value: Vase_2 (1)
      objectReference: {fileID: 0}
    - target: {fileID: 919132149155446097, guid: 9d8eb713737c103418fbe551762b954c,
        type: 3}
      propertyPath: m_StaticEditorFlags
      value: 4294967295
      objectReference: {fileID: 0}
    m_RemovedComponents: []
  m_SourcePrefab: {fileID: 100100000, guid: 9d8eb713737c103418fbe551762b954c, type: 3}
--- !u!4 &9048898489240864615 stripped
Transform:
  m_CorrespondingSourceObject: {fileID: -8679921383154817045, guid: 9d8eb713737c103418fbe551762b954c,
    type: 3}
  m_PrefabInstance: {fileID: 8799642550240026764}
  m_PrefabAsset: {fileID: 0}
